 Dungeon Crawl Stone Soup version 0.31-a0-204-g7da18cac08 (webtiles) character file.

Game seed: 14189344577329419300

66 qw the Shooter (level 3, -1/20 HPs)
             Began as a Deep Elf Hunter on June 27, 2023.
             Slain by a goblin
             ... wielding a +0 club
             ... led by Robin
              (6 damage)
             ... on level 2 of the Dungeon.
             The game lasted 00:00:27 (968 turns).

qw the Shooter (Deep Elf Hunter)                     Turns: 968, Time: 00:00:28

Health: -1/20      AC:  4    Str: 10    XL:     3   Next: 96%
Magic:  5/5        EV: 12    Int: 13    God:
Gold:   86         SH:  0    Dex: 18    Spells: 2/2 levels left

rFire   . . .        Y - +0 shortbow
rCold   . . .        (shield currently unavailable)
rNeg    . . .        c - +0 leather armour
rPois   .            (no helmet)
rElec   .            (no cloak)
rCorr   .            d - +0 pair of gloves
SInv    .            (no boots)
Will    .....        (no amulet)
Stlth   ++           (no ring)
HPRegen 0.23/turn    (no ring)
MPRegen 0.09/turn

%: no passive effects
@: no status effects
A: no striking features
a: no special abilities


You were on level 2 of the Dungeon.
You visited 1 branch of the dungeon, and saw 2 of its levels.

You collected 86 gold pieces.


   Skills:
 - Level 1.5 Fighting
 + Level 7.4 Ranged Weapons
 - Level 2.4 Dodging
 - Level 1.2 Stealth


You had 2 spell levels left.
You didn't know any spells.
Your spell library was empty.

Inventory:

Hand Weapons
 Y - a +0 shortbow (weapon)
Armour
 c - a +0 leather armour (worn)
 d - a +0 pair of gloves (worn)
Scrolls
 a - a scroll of poison {unknown}
Potions
 g - 2 potions of curing {unknown}
 i - a potion of lignification {unknown}

Dungeon Overview and Level Annotations

Branches:
Dungeon (2/15)

Altars:

Annotations:
D:2 Robin


Message History

The goblin shouts! x3; You hear a shout!
Enter note:
957 ||| Stepping ~*~*~tactically~*~*~ (outnumbered).
You shoot an arrow. The arrow hits the goblin!
You kill the goblin!
You shoot an arrow. The arrow hits the goblin!
You kill the goblin!
You shoot an arrow. The arrow hits the goblin!
You kill the goblin!
The goblin unwields a +0 dagger.
The goblin wields a +0 sling.
The goblin shoots a sling bullet.
The sling bullet hits you.
You shoot an arrow.
The arrow hits the goblin but does no damage.
A hobgoblin comes into view.
You shoot an arrow. The arrow hits the goblin.
The goblin is moderately wounded.
The goblin shoots a sling bullet.
The sling bullet barely misses you.
You shoot an arrow. The arrow barely misses the goblin.
You hear a shout!
You shoot an arrow. The arrow hits the goblin!
You kill the goblin!
Robin throws the goblin at you!
A hobgoblin comes into view.
The goblin barely misses you. The goblin hits you with a +0 club.
You shoot an arrow. The arrow closely misses the goblin.
Robin roars a battlecry!
The goblins go into a battle-frenzy!
The hobgoblin hits you but does no damage.
The goblin barely misses you. The goblin closely misses you.
You shoot an arrow. The arrow closely misses the goblin.
The goblin hits you with a +0 club. The goblin hits you but does no damage.
The hobgoblin hits you.
You shoot an arrow. The arrow hits the hobgoblin!
You kill the hobgoblin!
The hobgoblin barely misses you. The goblin closely misses you.
The goblin hits you but does no damage.
You shoot an arrow. The arrow completely misses the goblin.
The hobgoblin hits you. The goblin completely misses you.
The goblin hits you with a +0 club.
You die...

###########
##.........
......!..) #
#....))..###...
.ggg$.)..>.....
#gg# #@g#
#.####.g####.#
#$...........#
######[.####.#
#..# ..
#####..##.##
#..........#
#.###.(##..#
#.###..# .#


You could see Robin, a hobgoblin (strong) and 2 goblins.

Vanquished Creatures
  2 adders
  3 dart slugs
  2 endoplasms (D:1)
  4 giant cockroaches
  8 goblins
  5 hobgoblins
  3 ball pythons
  2 bats (D:1)
  8 kobolds (D:1)
  3 rats (D:1)
40 creatures vanquished.

Notes
Turn   | Place    | Note
-------+----------+-------------------------------------------
     0 | D:1      | qw the Deep Elf Hunter began the quest for the Orb.
     0 | D:1      | Reached XP level 1. HP: 12/12 MP: 3/3
     0 | D:1      | 0 ||| qw: Version: 0.3-a-22-g0ed2b0b
     0 | D:1      | 0 ||| qw: Game counter: 6558
     0 | D:1      | 0 ||| qw: Melee chars always use a shield: true
     0 | D:1      | 0 ||| qw: God list: Okawaru
     0 | D:1      | 0 ||| qw: Allow faded altars: false
     0 | D:1      | 0 ||| qw: Do Orc after clearing Dungeon:15 true
     0 | D:1      | 0 ||| qw: Do second Lair branch before Depths: true
     0 | D:1      | 0 ||| qw: Lair rune preference: random
     0 | D:1      | 0 ||| qw: Goals: Normal
     0 | D:1      | 0 ||| PLANNING D:1-11
   207 | D:1      | Reached XP level 2. HP: 16/16 MP: 4/4
   212 | D:1      | Reached skill level 6 in Ranged Weapons
   212 | D:1      | 212 ||| FLEEEEING.
   226 | D:1      | 226 ||| FLEEEEING.
   726 | D:1      | 726 ||| UPGRADING to +0 pair of gloves.
   731 | D:1      | 731 ||| READING scroll labelled TAF MESCHIMMU.
   732 | D:1      | 732 ||| READING scroll labelled YSOQUA NADGHAQE.
   733 | D:1      | 733 ||| READING scroll labelled ASTALI PO KU LAUSA.
   738 | D:1      | 738 ||| DROPPING scroll of butterflies.
   777 | D:2      | 777 ||| STAIRDANCE
   783 | D:1      | Reached XP level 3. HP: 12/20 MP: 5/5
   786 | D:1      | HP: 5/20 [rat (1)]
   882 | D:2      | Reached skill level 7 in Ranged Weapons
   956 | D:2      | Noticed Robin
   957 | D:2      | 957 ||| Stepping ~*~*~tactically~*~*~ (outnumbered).
   968 | D:2      | HP: 5/20 [hobgoblin[Robin] (5)]
   968 | D:2      | Slain by a goblin

Levels and vault maps discovered:
D:1:      dpeg_arrival_round_b, layout_loops_ring, serial_forest,
          infiniplex_forest_straight_5, infiniplex_forest_lined_2,
          infiniplex_forest_lined_4_way, infiniplex_forest_clump_small
D:2:      layout_loops_ring, uniq_robin, uniq_crazy_yiuf_cottage

Skill      XL: |  1  2  3 |
---------------+----------+-----
Ranged Weapons | 6 7 |  7.4
Fighting       | |  1.5
Dodging        | |  2.4
Stealth        | |  1.2

Action                     || total
---------------------------++-------
   Fire: Shortbow          ||    98
    Use: Scroll            ||     3
 Armour: Leather armour    ||    19
  Dodge: Dodged            ||    20

Table legend:
 A = Non-vault XP
 B = Vault XP
 C = Vault XP percentage of total XP
 D = Non-vault monster count
 E = Vault monster count
 F = Vault count percentage of total count
                 A         B        C        D         E       F
            +---------+---------+-------+---------+---------+-------
      Total |      81 |      14 |  14.7 |      32 |       8 |  20.0
            +---------+---------+-------+---------+---------+-------
        D:1 |      52 |       0 |   0.0 |      24 |       0 |   0.0
        D:2 |      29 |      14 |  32.6 |       8 |       8 |  50.0
            +---------+---------+-------+---------+---------+-------
